 Dungeon Crawl Stone Soup version 0.20.1-1-g8b1a95d (webtiles) character file.

32 tidbits the Conjurer (level 2, 6/25 HPs)
             Began as a Demigod Wanderer on Aug 22, 2017.
             Quit the game on level 2 of the Dungeon.
             The game lasted 00:06:20 (518 turns).

tidbits the Conjurer (Demigod Wanderer)              Turns: 518, Time: 00:06:21

Health: 6/25       AC:  2    Str: 15    XL:     2   Next: 96%
Magic:  5/5        EV: 12    Int: 20    God:
Gold:   22         SH:  0    Dex: 16    Spells: 3/3 levels left

rFire    . . .     SeeInvis .   a - +2 shortbow
rCold    . . .     Gourm    .   (shield currently unavailable)
rNeg     . . .     Faith    .   f - +0 robe
rPois    .         Spirit   .   (no helmet)
rElec    .         Reflect  .   (no cloak)
rCorr    .         Harm     .   (no gloves)
MR       .....                  (no boots)
Stlth    +.........             (no amulet)
Regen    0.1/turn               (no ring)
MPRegen  0.1/turn               (no ring)

@: brilliant, lethally poisoned (6 -> -2)
A: high mp 1
a: no special abilities


You were on level 2 of the Dungeon.
You were not hungry.

You visited 1 branch of the dungeon, and saw 3 of its levels.

You collected 22 gold pieces.

Inventory:

Hand Weapons
 a - a +2 shortbow (weapon)
 c - a +0 hand crossbow
 j - a +0 spear
Missiles
 b - 3 stones
 d - 22 bolts
 e - 11 arrows (quivered)
Armour
 f - a +0 robe (worn)
Scrolls
 h - 4 scrolls of random uselessness {unknown}
 i - 2 scrolls of teleportation {unknown}
 k - a scroll of identify {unknown}
 l - a scroll of recharging {unknown}
Comestibles
 g - a bread ration
 m - a royal jelly
 n - 3 chunks of flesh
 p - 3 fruits


   Skills:
 + Level 2.5 Fighting
 - Level 1.0 Bows
 - Level 1.0 Throwing
 + Level 1.6 Dodging
 - Level 1.0 Spellcasting
   Level 2.6 Conjurations
   Level 1.0 Charms
   Level 1.0 Evocations


You had 3 spell levels left.
You didn't know any spells.

Dungeon Overview and Level Annotations

Branches:
Dungeon (3/15)


Innate Abilities, Weirdness & Mutations

You have an increased reservoir of magic. (+10% MP)


Message History

Press: ? - help, Shift-Dir - straight line, f - dart slug
Aim: a dart slug (clinging, hasn't noticed you)
Okay, then.
Firing (i - inventory): No suitable missiles.
Press: ? - help, Shift-Dir - straight line, f/p - dart slug
Aim: a dart slug (clinging, hasn't noticed you)
Okay, then.
Unknown command.
Things that are here:
a stone; 2 arrows; a kobold corpse
b - a stone
e - 2 arrows Firing (i - inventory. (,) - cycle):
e - 2 arrows (quivered)
Press: ? - help, Shift-Dir - straight line, f/p - dart slug
Aim: a dart slug (clinging)
You shoot an arrow. The arrow hits the dart slug.
The dart slug is moderately wounded.
Firing (i - inventory. (,) - cycle):
e - an arrow (quivered)
Press: ? - help, Shift-Dir - straight line, f/p - dart slug
Aim: a dart slug (moderately wounded, clinging)
You shoot an arrow. The arrow hits the dart slug.
The dart slug is severely wounded.
Wield which item (- for none, * to show all)? (? for menu, Esc to quit)
Okay, then.
Things that are here:
a leather armour; 4 arrows; a hobgoblin corpse
e - 4 arrows Firing (i - inventory. (,) - cycle):
e - 4 arrows (quivered)
Press: ? - help, Shift-Dir - straight line, f/p - dart slug
Aim: a dart slug (severely wounded, clinging)
You shoot an arrow. The arrow hits the dart slug!
You kill the dart slug!
e - 5 arrows (gained 2)
Found a stone staircase leading down.
b - 3 stones (gained 2);
e - 8 arrows (gained 3)
e - 9 arrows (gained 1)
e - 12 arrows (gained 3)
A hobgoblin comes into view. It is wielding a club.
The hobgoblin shouts!
Firing (i - inventory. (,) - cycle):
e - 12 arrows (quivered)
Press: ? - help, Shift-Dir - straight line, f - hobgoblin
Aim: a hobgoblin, wielding a club You shoot an arrow.
The arrow barely misses the hobgoblin.
The hobgoblin misses you.
Firing (i - inventory. (,) - cycle):
e - 11 arrows (quivered)
Press: ? - help, Shift-Dir - straight line, f/p - hobgoblin
Aim: a hobgoblin, wielding a club You shoot an arrow.
The arrow barely misses the hobgoblin.
The hobgoblin barely misses you.
Firing (i - inventory. (,) - cycle):
e - 10 arrows (quivered)
Press: ? - help, Shift-Dir - straight line, f/p - hobgoblin
Aim: a hobgoblin, wielding a club You shoot an arrow.
The arrow hits the hobgoblin.
The hobgoblin is almost dead.
The hobgoblin hits you with a club.
* * * LOW HITPOINT WARNING * * *
Firing (i - inventory. (,) - cycle):
e - 9 arrows (quivered)
Press: ? - help, Shift-Dir - straight line, f/p - hobgoblin
Aim: a hobgoblin, wielding a club (almost dead)
You shoot an arrow. The arrow hits the hobgoblin!
You kill the hobgoblin!
e - 10 arrows (gained 2)
Things that are here:
a club; a hobgoblin corpse A goblin comes into view.
It is wielding a dagger.
e - 11 arrows (gained 1)
There is a stone staircase leading down here.
You climb downwards.
A goblin comes into view.
Found a viscous white potion.
There is a stone staircase leading up here.
Firing (i - inventory. (,) - cycle):
e - 11 arrows (quivered)
Press: ? - help, Shift-Dir - straight line, f - goblin
Aim: a goblin (resting)
You shoot an arrow. The arrow hits the goblin.
You kill the goblin!
Found a scroll labeled WESEOMN XEIXIU.
Found 3 fruits.
Found a meat ration.
o - a viscous white potion
Found 9 gold pieces.
i - 2 scrolls labeled WESEOMN XEIXIU (gained 1)
e - 11 arrows (gained 1)
You see here a goblin corpse.
p - 3 fruits You now have 22 gold pieces (gained 9).
You found a shaft!
There is a shaft here.
An adder comes into view.
Found 10 gold pieces.
The adder hisses angrily.
The adder bites you but does no damage.
You see here a meat ration.
It was a potion of brilliance.
You feel clever all of a sudden. The adder bites you.
* * * LOW HITPOINT WARNING * * *
You are lethally poisoned!
The adder poisons you!
Are you sure you want to abandon this character and quit the game? (Confirm with "yes".)

#.#####.#
#.......#
#####.#####
#.......†# ####
#.###.##.# ...
#^###.##.#####
#.###.#...##......
##.............#
#@###.#...##<.##
#.....S#
#........#.#
#####.##
###......##.# #.
##...#... .. #.
##.###### # $. #.#
.# #.# ..


You could see an adder.

Vanquished Creatures
  3 dart slugs
  6 orcs
  2 hobgoblins (D:1)
  2 jackals (D:1)
  A bat (D:2)
  A goblin (D:2)
  4 kobolds (D:1)
  A rat (D:1)
20 creatures vanquished.

Notes
Turn   | Place    | Note
-------+----------+-------------------------------------------
     0 | D:1      | tidbits the Demigod Wanderer began the quest for the Orb.
     0 | D:1      | tidbits set off with: a +2 shortbow, 24 arrows, a +0 hand crossbow, 22 bolts, a potion of lignification, a +0 robe, a bread ration
     0 | D:1      | Reached XP level 1. HP: 17/17 MP: 4/4
    21 | D:1      | Reached skill level 2 in Fighting
   230 | D:3      | Reached skill level 1 in Dodging
   232 | D:3      | Noticed an orc priest
   252 | D:2      | Reached XP level 2. HP: 9/24 MP: 5/5
   360 | D:2      | HP: 2/24 [orc (2)]
   518 | D:2      | Quit the game

Skill      XL: |  1 |
---------------+----+-----
Fighting       | 2 |  2.5
Dodging        | 1 |  1.6
Bows           | |  1.0
Throwing       | |  1.0
Spellcasting   | |  1.0
Conjurations   | |  2.6
Charms         | |  1.0
Evocations     | |  1.0

Action                   || total
-------------------------++-------
Melee: Unarmed           ||     1
 Fire: Shortbow          ||    60
  Use: Potion            ||     3
Armor: Robe              ||     8
       Skin              ||     1
Dodge: Dodged            ||    29

Table legend:
 A = Turns spent in this place as a percentage of turns spent in the entire game.
 B = Non-inter-level travel turns spent in this place as a percentage of non-inter-level travel turns spent in the entire game.
 C = Inter-level travel turns spent in this place as a percentage of turns spent in this place.
 D = Turns resting spent in this place as a percentage of non-inter-level travel turns spent in this place.
 E = Turns spent auto-exploring this place as a percentage of non-inter-level travel turns spent in this place.
 F = Non-inter-level travel turns spent in this place divided by the number of levels of this place that you've seen.
                   A       B       C       D       E      F
               +-------+-------+-------+-------+-------+----------------------
         Total | 100.0 | 100.0 |   0.0 |   0.0 |   0.0 | 159.0
       Dungeon | 100.0 | 100.0 |   0.0 |   0.0 |   0.0 | 159.0
               +-------+-------+-------+-------+-------+----------------------

Table legend:
 A = Kills in this place as a percentage of kills in entire the game.
 B = Kills by you in this place as a percentage of kills by you in the entire game.
 C = Kills by friends in this place as a percentage of kills by friends in the entire game.
 D = Other kills in this place as a percentage of other kills in the entire game.
 E = Experience gained in this place as a percentage of experience gained in the entire game.
 F = Experience gained in this place divided by the number of levels of this place that you have seen.
                   A       B       C       D       E      F
               +-------+-------+-------+-------+-------+----------------------
         Total | 100.0 | 100.0 |  -nan |  -nan | 100.0 |  15.7
       Dungeon | 100.0 | 100.0 |  -nan |  -nan | 100.0 |  15.7
               +-------+-------+-------+-------+-------+----------------------

Vault maps used:
D:1:      scummos_arrival_hexagon
D:2:      marbit_many_paths
